 Dungeon Crawl Stone Soup version 0.27-a0-1158-gaa87e14f67 (webtiles) character file.

Game seed: 7593613089267741599

612 mhtbhm the Magician (level 7, -3/39 HPs)
             Began as a Deep Elf Fire Elementalist on May 16, 2021.
             Slain by a phantom (4 damage)
             ... on level 5 of the Dungeon.
             The game lasted 00:09:12 (5757 turns).

mhtbhm the Magician (Deep Elf Fire Elementalist)    Turns: 5757, Time: 00:09:13

Health: -3/39      AC:  2    Str:  5    XL:     7   Next: 20%
Magic:  0/18       EV: 13    Int: 22    God:
Gold:   156        SH:  0    Dex: 17    Spells: 2/18 levels left

rFire    . . .     SeeInvis .   c - +1 short sword (elec)
rCold    . . .     Faith    .   (no shield)
rNeg     . . .     Spirit   .   a - +0 robe
rPois    .         Reflect  .   (no helmet)
rElec    .         Harm     .   (no cloak)
rCorr    .         Rampage  .   (no gloves)
Will     .....                  (no boots)
Stlth    ++........             (no amulet)
HPRegen  0.13/turn              (no ring)
MPRegen  0.16/turn              (no ring)

@: very slightly contaminated
A: hooves 1, agile 1, robust 1
a: no special abilities


You were on level 5 of the Dungeon.
You visited 2 branches of the dungeon, and saw 6 of its levels.

You collected 156 gold pieces.

Inventory:

Hand Weapons
 c - a +1 short sword of electrocution (weapon)
Missiles
 n - a throwing net
 q - 10 poisoned darts (quivered)
Armour
 a - a +0 robe (worn)
Wands
 f - a wand of polymorph (6)
 j - a wand of charming (10)
 o - a wand of flame (20)
 r - a wand of mindburst (15)
Scrolls
 b - a scroll of blinking
 e - a scroll of fog
 g - a scroll of teleportation {unknown}
 h - a scroll of fear {unknown}
 i - a scroll of identify
 k - a scroll of magic mapping {unknown}
 l - a scroll of amnesia {unknown}
 m - a scroll of noise {unknown}
Potions
 p - a potion of mutation


   Skills:
 + Level 0.1 Fighting
 + Level 2.7 Dodging
 + Level 3.3 Stealth
 + Level 6.4 Spellcasting
 + Level 4.7 Conjurations
 + Level 5.6 Fire Magic


You had 2 spell levels left.
You knew the following spells:

 Your Spells              Type           Power      Damage    Failure   Level
a - Foxfire               Conj/Fire      100%       2x1d9     1%          1
b - Conjure Flame         Conj/Fire      29%        6-21      3%          3
c - Inner Flame           Hex/Fire       19%        N/A       9%          3
d - Sticky Flame          Conj/Fire      29%        2d5       11%         4
e - Fireball              Conj/Fire      14%        3d8       28%         5

Your spell library contained the following spells:

 Spells                   Type           Power      Damage    Failure   Level
 Beastly Appendage        Tmut           14%        N/A       9%          1
 Summon Small Mammal      Summ           28%        N/A       9%          1
 Call Imp                 Summ           7%         N/A       13%         2
 Wereblood                Tmut           7%         N/A       13%         2
 Call Canine Familiar     Summ           7%         N/A       26%         3
 Confusing Touch          Hex            7%         N/A       26%         3
 Gell's Gravitas          Tloc           3%         N/A       26%         3
 Spider Form              Tmut/Pois      3%         N/A       26%         3
 Summon Guardian Golem    Hex/Summ       7%         N/A       26%         3
 Ice Form                 Ice/Tmut       7%         N/A       65%         4
 Petrify                  Tmut/Erth      7%         N/A       65%         4
 Summon Ice Beast         Ice/Summ       7%         N/A       65%         4
 Summon Lightning Spire   Summ/Air       7%         N/A       65%         4
 Hydra Form               Tmut           3%         N/A       94%         5
 Metabolic Englaciation   Hex/Ice        3%         N/A       94%         5
 Yara's Violent Unravell  Hex/Tmut       3%         3d4       94%         5


Dungeon Overview and Level Annotations

Branches:
Dungeon (5/15)             Temple (1/1) D:4

Altars:
Cheibriados
Dithmenos
Fedhas
Gozag
Hepliaklqana
Kikubaaqudgha
Makhleb
Nemelex Xobeh
Okawaru
Ru
Xom
The Shining One


Innate Abilities, Weirdness & Mutations

You have large cloven feet.
You are agile. (Dex +2)
You are robust. (+10% HP)


Message History

Your feet thicken and deform.
You feel robust.
You feel agile. The phantom misses you.
Unknown command.
Casting: Foxfire (safe; 1% risk of failure)
Confirm with . or Enter, or press ? or * to list all spells.
Okay, then.
What are your orders? t - Shout!
Orders for allies: a - Attack new target. p - Attack previous target. r - Retreat! s - Stop attacking. g - Guard the area. f - Follow me.
Anything else - Cancel.
Okay, then.
As you read the scroll labelled GICOVVOE GADEZ, it crumbles to dust.
The scroll dissolves into smoke.
It was a scroll of fog.
The phantom closely misses you.
Unknown command.
As you read the scroll labelled IKORAU XOELYGA, it crumbles to dust.
It is a scroll of identify.
b - a scroll of blinking The phantom hits you.
* * * LOW HITPOINT WARNING * * *
Unknown command.
Okay, then.
Okay, then.
Casting: Foxfire (safe; 1% risk of failure)
Confirm with . or Enter, or press ? or * to list all spells.
You miscast Foxfire.
You are very lightly contaminated with residual magic.
Nothing appears to happen.
The phantom hits you.
* * * LOW HITPOINT WARNING * * *
Unknown command.
Unknown command.
Okay, then.
As you read the scroll labelled VEESTR ABYCWI, it crumbles to dust.
It is a scroll of brand weapon.
Your +1 short sword of draining crackles with electricity.
c - a +1 short sword of electrocution (weapon)
The phantom hits you.
You die...

#.♣.# #...#
##.##
##.#######
###...##...##
#.'.♣.....†<#
#.#...##...##
#.##'#######
#.##.##@§#.#
#.#...##W§.#
#.#.♣(###§##
#.#...##..#
#.##<##.§.####
#.####.......+
#.# ##...####
#.# ##..#
#.#######.#


You could see a phantom.

Vanquished Creatures
  A black bear (D:5)
  An ogre (D:4)
  2 scorpions
  2 hounds (D:4)
  An orc priest (D:5)
  2 iguanas
  An orc wizard (D:5)
  Ijyb (D:4)
  A howler monkey skeleton (D:4)
  4 adders
  2 adder skeletons (D:4)
  2 worms
  3 orcs
  5 ball pythons
  6 endoplasms
  4 giant cockroaches
  8 goblins
  5 hobgoblins
  7 jackals
  2 quokkas
  6 bats
  3 frilled lizards
  9 kobolds
  10 rats
88 creatures vanquished.

Vanquished Creatures (others)
  303 foxfires
303 creatures vanquished.

Grand Total: 391 creatures vanquished

Notes
Turn   | Place    | Note
-------+----------+-------------------------------------------
     0 | D:1      | mhtbhm the Deep Elf Fire Elementalist began the quest for
                  | the Orb.
     0 | D:1      | Reached XP level 1. HP: 10/10 MP: 6/6
   602 | D:1      | Reached XP level 2. HP: 15/15 MP: 5/8
  1754 | D:2      | Reached XP level 3. HP: 14/19 MP: 4/9
  1968 | D:2      | Learned a level 3 spell: Conjure Flame
  1972 | D:2      | Learned a level 3 spell: Inner Flame
  2972 | D:3      | Reached XP level 4. HP: 24/24 MP: 7/11
  3371 | D:3      | Reached skill level 4 in Spellcasting
  3541 | D:3      | Found an iron altar of Okawaru.
  4317 | D:4      | Learned a level 4 spell: Sticky Flame
  4323 | D:4      | Reached XP level 5. HP: 28/28 MP: 7/13
  4340 | D:4      | Noticed an ogre
  4435 | D:4      | Killed an ogre
  4436 | D:4      | Reached skill level 5 in Spellcasting
  4500 | D:4      | Reached XP level 6. HP: 32/32 MP: 10/16
  4769 | D:4      | Found a staircase to the Ecumenical Temple.
  4817 | Temple   | Entered the Ecumenical Temple
  5091 | D:4      | Noticed Ijyb
  5099 | D:4      | Killed Ijyb
  5100 | D:4      | Reached skill level 6 in Spellcasting
  5337 | D:4      | Learned a level 5 spell: Fireball
  5413 | D:4      | Found a glowing golden altar of the Shining One.
  5550 | D:5      | Entered Level 5 of the Dungeon
  5554 | D:5      | Reached skill level 5 in Fire Magic
  5714 | D:5      | Reached XP level 7. HP: 36/36 MP: 7/18
  5752 | D:5      | Gained mutation: You have large cloven feet. [potion of
                  | mutation]
  5752 | D:5      | Gained mutation: You are robust. (+10% HP) [potion of
                  | mutation]
  5752 | D:5      | Gained mutation: You are agile. (Dex +2) [potion of
                  | mutation]
  5756 | D:5      | HP: 1/39 [phantom (5)]
  5757 | D:5      | Slain by a phantom

Illustrated notes

Levels and vault maps discovered:
D:1:      lightli_arrival_maybe_door_vault, layout_rooms, serial_aquarium,
          aquarium_bridge_square [aquarium_subvault_bridge,
          aquarium_subvault_window, aquarium_subvault_wall,
          aquarium_subvault_wall], aquarium_bridge_square
          [aquarium_subvault_window, aquarium_subvault_bridge,
          aquarium_subvault_bridge, aquarium_subvault_window],
          aquarium_window_2, aquarium_window_1, aquarium_window_2,
          aquarium_view_2d, aquarium_view_2d
D:2:      minmay_general_purpose_star, layout_rooms
D:3:      layout_basic, okawaru_ov_weapons_minmay, minmay_misc_feat_tower
D:4:      layout_rooms, tso_metal_star, temple_fountains,
          minmay_tree_intersection, uniq_ijyb
D:5:      layout_loops_corners, nicolae_ashenzari_skybound,
          gammafunk_ghost_arena, minmay_misc_feat_pillars, grunt_ministairs_5
Temple:   cyrus_temple_forest

Skill      XL: |  1  2  3  4  5  6 |
---------------+-------------------+-----
Fire Magic     | 4 5 |  5.6
Conjurations   | 2 3 4 |  4.7
Spellcasting   | 4 5 6 |  6.4
Stealth        | 3 |  3.3
Fighting       | |  0.1
Dodging        | |  2.7

Action                   |  1- 3 |  4- 6 |  7- 9 || total
-------------------------+-------+-------+-------++-------
Melee: Short sword       |     6 |     1 |     3 ||    10
 Cast: Foxfire           |   100 |    94 |     4 ||   198
       Sticky Flame      |       |     3 |       ||     3
       Fireball          |       |     3 |     1 ||     4
  Use: Scroll            |       |       |     3 ||     3
       Potion            |       |       |     1 ||     1
 Stab: Sleeping          |     1 |       |       ||     1
Armor: Robe              |     9 |     3 |       ||    12
Dodge: Dodged            |    33 |    10 |     5 ||    48

Table legend: (Time is in decaauts)
 A = Elapsed time spent in this place.
 B = Non-inter-level travel time spent in this place.
 C = Inter-level travel time spent in this place.
 D = Time resting spent in this place.
 E = Time spent auto-exploring this place.
 F = Levels seen in this place.
 G = Mean time per level.
                   A        B        C        D        E       F      G
               +--------+--------+--------+--------+--------+-----+--------+
         Total |   5756 |   5731 |     25 |   2463 |   2294 |   6 |  959.3 |
       Dungeon |   5600 |   5575 |     25 |   2463 |   2294 |   5 | 1120.0 |
        Temple |    156 |    156 |      0 |      0 |      0 |   1 |  156.0 |
               +--------+--------+--------+--------+--------+-----+--------+

Top non-repeatable levels by time:
     D:1: 1690 daAuts
     D:3: 1343 daAuts
     D:2: 1275 daAuts
     D:4: 1082 daAuts
     D:5: 207 daAuts
  Temple: 156 daAuts
